 Dungeon Crawl Stone Soup version 0.17-a0-1382-gc46a074 (webtiles) character file.

26 ololoev the Caller (level 2, 0/19 HPs)
             Began as a Mummy Summoner on June 15, 2015.
             Slain by an adder (3 damage)
             ... on level 2 of the Dungeon.
             The game lasted 00:03:16 (2012 turns).

ololoev the Caller (Mummy Summoner)                 Turns: 2012, Time: 00:03:16

Health: 0/19       AC:  2    Str: 11    XL:     2   Next: 89%
Magic:  1/5        EV: 12    Int: 14    God:
Gold:   33         SH:  0    Dex: 12    Spells: 2 memorised, 2 levels left

rFire  x . .     SeeInvis .     d - +0 spear
rCold  + . .     Clarity  .     a - +0 robe
rNeg   + + +     SustAt   .     (no shield)
rPois  ∞         Gourm    .     (no helmet)
rElec  .         Spirit   .     (no cloak)
rCorr  .         Warding  .     (no gloves)
rMut   .         Stasis   .     (no boots)
MR     .....                    (no amulet)
Stlth  ++........               (no ring)
                                (no ring)

@: not resistant to hostile enchantments, unstealthy
A: no food or potions, fire vulnerability, cold resistance 1, negative energy
resistance 3, torment resistance, unbreathing
a: no special abilities


Innate Abilities, Weirdness & Mutations

You do not eat or drink.
Your flesh is vulnerable to fire.
You are immune to poison.
Your flesh is cold resistant.
You are immune to negative energy.
You are immune to unholy pain and torment.
You can survive without breathing.

Inventory:

Hand weapons
 d - a +0 spear (weapon)
Armour
 a - a +0 robe (worn)
Scrolls
 c - 2 scrolls of remove curse {unknown}
 e - a scroll of teleportation {unknown}
 f - a scroll of recharging {unknown}
 g - 3 scrolls of identify {unknown}
Books
 b - a book of Callings

   Spells                             Type                      Level
   a - Summon Small Mammal            Summoning                    1
   b - Call Imp                       Summoning                    2
   c - Call Canine Familiar           Summoning                    3
   d - Summon Guardian Golem          Hexes/Summoning              3
   e - Summon Lightning Spire         Summoning/Air                4
   f - Summon Ice Beast               Ice/Summoning                4


   Skills:
 - Level 1.5 Dodging
 - Level 1.5 Stealth
 + Level 2.4 Spellcasting
 * Level 3.8 Summonings


You had 2 spell levels left.
You knew the following spells:

 Your Spells              Type           Power        Failure   Level  Hunger
a - Summon Small Mammal   Summ           ##..         6%          1    N/A
b - Call Imp              Summ           ##......     10%         2    N/A


You were on level 2 of the Dungeon.
You were not hungry.

You visited 1 branch of the dungeon, and saw 2 of its levels.

You collected 33 gold pieces.

#. #.. ....
#.##..#### ..8#
#........##..# #
............# ..
........<..!#.##
#..............
#.....5.5.....#
#.....Ss#.##...
......>.@...# ..
.#.#..#....#....
..........##..#
......#..#.# ..#
............ ##
........##.##
#### #..# # #..

Notes
Turn   | Place    | Note
--------------------------------------------------------------
     0 | D:1      | ololoev the Mummy Summoner began the quest for the Orb.
     0 | D:1      | Reached XP level 1. HP: 13/13 MP: 3/3
   763 | D:1      | Reached XP level 2. HP: 11/19 MP: 1/5
  1874 | D:1      | Learned a level 2 spell: Call Imp
  2012 | D:2      | Slain by an adder

Dungeon Overview and Level Annotations

Branches:
Dungeon (2/15)

Altars:


Message History

The giant cockroach is moderately wounded.
The giant cockroach bites you.
You hit the giant cockroach.
The giant cockroach is severely wounded.
The giant cockroach bites you but does no damage.
The giant cockroach closely misses you.
You closely miss the giant cockroach.
The giant cockroach is moderately wounded.
The adder bites you but does no damage. The giant cockroach bites you.
You barely miss the giant cockroach.
The giant cockroach is moderately wounded.
The adder barely misses you. The giant cockroach bites you.
The adder bites you.
You closely miss the giant cockroach.
The giant cockroach is moderately wounded.
The giant cockroach bites you but does no damage.
The adder bites you. The giant cockroach closely misses you.
You are too injured to fight recklessly!
You are too injured to fight recklessly!
You are too injured to fight recklessly!
You are too injured to fight recklessly!
You are too injured to fight recklessly!
You are too injured to fight recklessly!
You are too injured to fight recklessly!
You are too injured to fight recklessly!
You are too injured to fight recklessly!
You are too injured to fight recklessly!
Casting: Summon Small Mammal
Confirm with . or Enter, or press ? or * to list all spells.
A beastly little devil appears in a puff of flame.
The adder closely misses you. The giant cockroach closely misses you.
The adder bites you.
Casting: Call Imp
Confirm with . or Enter, or press ? or * to list all spells.
A beastly little devil appears in a puff of flame.
The giant cockroach bites you but does no damage.
The adder closely misses you. The giant cockroach barely misses you.
Your crimson imp misses the adder.
The giant cockroach bites you. The adder bites you.
You die...

You could see an adder, a giant cockroach and 2 friendly crimson imps.

Vanquished Creatures
  6 hobgoblins (D:1)
  2 jackals (D:1)
  3 bats (D:1)
  A giant gecko (D:1)
  4 goblins (D:1)
  3 kobolds (D:1)
  2 rats (D:1)
21 creatures vanquished.

Vanquished Creatures (collateral kills)
  A giant cockroach (D:1)
  A hobgoblin (D:1)
  2 jackals (D:1)
  A kobold (D:1)
5 creatures vanquished.

Grand Total: 26 creatures vanquished

Action                   || total
-------------------------++-------
Melee: Unarmed           ||    39
       Spear             ||    70
 Cast: Summon Small Mamm ||    15
       Call Imp          ||     2
 Stab: Distracted        ||     2
       Sleeping          ||     2

Vault maps used:
D:1:      lightli_arrival_boilingwater
D:2:      st_stairs_6
